 Dungeon Sprint DCSS version 0.19-a0-1511-g16f215b (webtiles) character file.

10700000 poirepourri the Axe Maniac (level 27, -2/271 (273) HPs)
             Began as a Minotaur Monk on Sept 11, 2016.
             Was the Champion of Makhleb.
             Slain by a bag of meat
             ... wielding a +9 war axe
              (14 damage)
             ... in the Dungeon (Sprint VIII: "Arena of Blood").
             The game lasted 00:03:20 (107 turns).

poirepourri the Axe Maniac (Minotaur Monk)           Turns: 107, Time: 00:03:21

HP:   -2/271 (273)  AC:  4    Str: 22    XL:     27
MP:   42/53         EV: 35    Int:  7    God:    Makhleb [******]
Gold: 0             SH:  0    Dex: 20    Spells: 0 memorised, 80 levels left

rFire  . . .     SeeInvis .     j - +∞ Axe of Woe
rCold  . . .     Gourm    .     b - +0 robe
rNeg   . . .     Faith    .     (shield currently unavailable)
rPois  .         Spirit   .     (helmet restricted)
rElec  .         Dismiss  .     (no cloak)
rCorr  .         Reflect  .     (no gloves)
MR     ++...     Harm     .     (no boots)
Stlth  ++++++++.. NoTele   +    (no amulet)
                                (no ring)
                                (no ring)

@: no status effects
A: retaliatory headbutt, horns 2
a: Minor Destruction, Lesser Servant of Makhleb, Major Destruction, Greater
Servant of Makhleb, Renounce Religion


You were in the Dungeon.
You worshipped Makhleb.
Makhleb was exalted by your worship.
You were not hungry.

You visited 1 branch

Inventory:

Hand Weapons
 a - a +0 hand axe
 j - the +∞ Axe of Woe (weapon)
   (You found it in the Dungeon)
Armour
 b - a +0 robe (worn)
Potions
 d - a potion of curing
 f - a potion of haste
 g - 2 potions of magic
Comestibles
 c - a bread ration


   Skills:
 O Level 27 Fighting
 O Level 27 Axes
 O Level 27 Throwing
 O Level 27 Armour
 O Level 27 Dodging
 O Level 27 Stealth
 O Level 27 Unarmed Combat
 O Level 27 Spellcasting
 O Level 27 Invocations


You had 80 spell levels left.
You didn't know any spells.

Dungeon Overview and Level Annotations

Branches:
Dungeon (1/1)

Altars:
Makhleb


Innate Abilities, Weirdness & Mutations

You reflexively headbutt those who attack you in melee.
You have a pair of horns on your head.


Message History

The bag of meat convulses! x3; The eight-headed meat hydra convulses!
The bag of meat convulses!
The eight-headed meat hydra convulses!
Your body is wracked with pain!
* * * LOW HITPOINT WARNING * * *
The bag of meat convulses! x3
The eight-headed meat hydra calls on the powers of darkness!
The eight-headed meat hydra convulses!
The bag of meat convulses! x4
The eight-headed meat hydra convulses!
Your body is wracked with pain!
* * * LOW HITPOINT WARNING * * *
The bag of meat convulses!
You hear a shout!
The bag of meat is engulfed in roaring flames.
The accursed gestures at you while chanting.
Something smites you!
* * * LOW HITPOINT WARNING * * *
The bag of meat is engulfed in roaring flames.
The scourge appears out of thin air!
A scourge comes into view.
The bag of meat hits you with a +9 war axe!
You die...

.§)))................#
O§)))..%.)))..#......#
..#))%).)))).........#
..#)))).))))..##.....#
..###)..)S)).........#
.)).).)..))).###.....#
...))).%.)...........#
.#).)....#.#M........#
_#.%.......{%D..@...=#
.#......#.#.#)).o....#
..............Woo....#
.........#.#D#z§#....#
..###2......zoo#§....#
..# .........o.#..%.#
..# . .....M.o#.....#
... ......D........#
..#.... .##..#


You could see 2 accurseds, 3 eight-headed meat hydras, a scourge (wandering), a
sculptor of flesh, a dread and 7 bags of meat.

Vanquished Creatures
  8 hell beasts (D)
  Edmund (D)
  5 greater mummies (D)
  4 wraiths (D)
  14 vampire knights (D)
  24 ogres (D)
  5 liches (D)
  85 orcs (D)
  A phantom (D)
  8 hill giants (D)
  A skeletal warrior (D)
  7 large abominations (D)
  4 small abominations (D)
  3 crawling corpses (D)
170 creatures vanquished.

Vanquished Creatures (others)
  3 crawling corpses (D)
3 creatures vanquished.

Grand Total: 173 creatures vanquished

Notes
Turn   | Place    | Note
-------+----------+-------------------------------------------
     0 | D        | poirepourri the Minotaur Monk began the quest for the Orb.
     0 | D        | Reached XP level 1. HP: 19/19 MP: 0/0
     4 | D        | Became a worshipper of Makhleb the Destroyer
     4 | D        | Reached * piety under Makhleb
     4 | D        | Reached ** piety under Makhleb
     5 | D        | Noticed a bag of meat
     5 | D        | Noticed a bag of meat
     6 | D        | Noticed a bag of meat
     7 | D        | Noticed a meat berserker
     7 | D        | Noticed a meat berserker
     7 | D        | Noticed a bag of meat
     8 | D        | Noticed a bag of meat
     8 | D        | Noticed a bag of meat
     9 | D        | Killed a bag of meat
     9 | D        | Reached skill level 5 in Stealth
     9 | D        | Reached XP level 2. HP: 53/53 MP: 1/1
     9 | D        | Reached XP level 3. HP: 61/61 MP: 2/2
     9 | D        | Reached XP level 4. HP: 69/69 MP: 3/3
     9 | D        | Reached XP level 5. HP: 75/75 MP: 4/4
     9 | D        | Reached XP level 6. HP: 84/84 MP: 5/5
     9 | D        | Reached XP level 7. HP: 91/91 MP: 6/6
     9 | D        | Reached XP level 8. HP: 99/99 MP: 7/7
     9 | D        | Reached XP level 9. HP: 106/106 MP: 8/8
     9 | D        | Reached XP level 10. HP: 114/114 MP: 9/9
     9 | D        | Reached XP level 11. HP: 121/121 MP: 10/10
    10 | D        | Noticed a bag of meat
    10 | D        | Noticed a meat berserker
    10 | D        | Killed a meat berserker
    10 | D        | Reached XP level 12. HP: 140/140 MP: 11/11
    10 | D        | Reached XP level 13. HP: 148/148 MP: 12/12
    10 | D        | Killed a bag of meat
    10 | D        | Reached XP level 14. HP: 160/160 MP: 13/13
    10 | D        | Killed a meat berserker
    10 | D        | Reached *** piety under Makhleb
    10 | D        | Reached skill level 27 in Fighting
    10 | D        | Reached skill level 27 in Axes
    10 | D        | Reached XP level 15. HP: 174/174 MP: 14/14
    10 | D        | Reached skill level 27 in Dodging
    11 | D        | Noticed a meat berserker
    12 | D        | Reached **** piety under Makhleb
    12 | D        | Reached XP level 16. HP: 183/183 MP: 15/15
    15 | D        | Noticed a meat berserker
    15 | D        | Noticed a meat berserker
    16 | D        | Killed a meat berserker
    16 | D        | Reached skill level 27 in Stealth
    16 | D        | Reached XP level 17. HP: 138/191 MP: 16/16
    17 | D        | Noticed a meat berserker
    17 | D        | Killed a meat berserker
    17 | D        | Reached ***** piety under Makhleb
    17 | D        | Reached skill level 10 in Unarmed Combat
    17 | D        | Reached XP level 18. HP: 200/200 MP: 16/29
    18 | D        | Killed a meat berserker
    18 | D        | Reached skill level 15 in Unarmed Combat
    18 | D        | Reached skill level 10 in Spellcasting
    19 | D        | Noticed a large bag of meat
    19 | D        | Reached skill level 15 in Throwing
    19 | D        | Reached skill level 15 in Invocations
    20 | D        | Noticed a meat berserker
    20 | D        | Killed a meat berserker
    20 | D        | Reached XP level 19. HP: 207/207 MP: 16/35
    22 | D        | Killed a meat berserker
    22 | D        | Reached skill level 15 in Spellcasting
    24 | D        | Reached XP level 20. HP: 216/216 MP: 17/39
    25 | D        | Noticed a meat berserker
    26 | D        | Noticed a destroyer
    26 | D        | Reached ****** piety under Makhleb
    28 | D        | Noticed a meat berserker
    28 | D        | Reached skill level 27 in Armour
    28 | D        | Killed a meat berserker
    28 | D        | Reached skill level 27 in Unarmed Combat
    28 | D        | Reached XP level 21. HP: 224/224 MP: 17/43
    28 | D        | Reached skill level 27 in Throwing
    28 | D        | Reached skill level 27 in Invocations
    29 | D        | Killed a destroyer
    29 | D        | Reached XP level 22. HP: 233/233 MP: 18/51
    30 | D        | Noticed a destroyer
    30 | D        | Reached skill level 27 in Spellcasting
    33 | D        | Noticed a destroyer
    33 | D        | Noticed a destroyer
    34 | D        | Reached XP level 23. HP: 240/240 MP: 18/53
    35 | D        | Noticed a destroyer
    35 | D        | Killed a destroyer
    37 | D        | Noticed a destroyer
    38 | D        | Reached XP level 24. HP: 249/249 MP: 19/53
    41 | D        | Noticed a destroyer
    41 | D        | Noticed a destroyer
    42 | D        | Reached XP level 25. HP: 257/257 MP: 20/53
    42 | D        | Killed a destroyer
    42 | D        | Killed a destroyer
    43 | D        | Reached XP level 26. HP: 266/266 MP: 20/53
    43 | D        | Killed a destroyer
    44 | D        | Killed a destroyer
    44 | D        | Reached XP level 27. HP: 138/273 MP: 20/53
    45 | D        | Noticed a destroyer
    47 | D        | Noticed a tyrant
    48 | D        | Killed a destroyer
    49 | D        | Noticed a tyrant
    49 | D        | Killed a destroyer
    49 | D        | Killed a tyrant
    49 | D        | Killed a destroyer
    50 | D        | Noticed a destroyer
    51 | D        | Noticed an accursed
    53 | D        | Noticed an accursed
    54 | D        | Noticed a destroyer
    55 | D        | Noticed an accursed
    55 | D        | Noticed a tyrant
    55 | D        | Killed a tyrant
    58 | D        | Noticed an accursed
    60 | D        | Killed a destroyer
    60 | D        | Killed a destroyer
    61 | D        | Noticed a dread
    61 | D        | Noticed a dread
    64 | D        | Killed a tyrant
    64 | D        | Killed a dread
    65 | D        | Noticed a destroyer
    65 | D        | Killed an accursed
    65 | D        | Killed an accursed
    67 | D        | Noticed a meat beast
    68 | D        | Killed a destroyer
    68 | D        | Killed a dread
    68 | D        | Noticed a meat beast
    69 | D        | Noticed a dread
    69 | D        | Noticed a destroyer
    69 | D        | HP: 11/273 [accursed/divine providence (12)]
    70 | D        | Noticed a destroyer
    71 | D        | Killed an accursed
    71 | D        | Killed a meat beast
    72 | D        | Killed an accursed
    73 | D        | Killed a destroyer
    73 | D        | Killed a meat beast
    75 | D        | Killed a dread
    75 | D        | Killed a destroyer
    76 | D        | Noticed a meat beast
    77 | D        | Noticed a dread
    77 | D        | Noticed a meat beast
    78 | D        | Killed a meat beast
    78 | D        | Killed a meat beast
    79 | D        | Noticed a meat beast
    80 | D        | Noticed a meat beast
    82 | D        | Killed a meat beast
    83 | D        | Noticed a meat beast
    83 | D        | Killed a meat beast
    85 | D        | Killed a meat beast
    87 | D        | Noticed an accursed
    87 | D        | Killed a dread
    88 | D        | Noticed a meat beast
    91 | D        | Noticed a tyrant
    93 | D        | Noticed a tyrant
    93 | D        | Killed a tyrant
    94 | D        | Noticed a dread
    95 | D        | Noticed The Defiler
    95 | D        | Killed a tyrant
    97 | D        | Noticed an accursed
    98 | D        | Killed an accursed
   100 | D        | Noticed an accursed
   101 | D        | Killed The Defiler
   106 | D        | Killed a meat beast
   107 | D        | HP: 12/271 [accursed/divine providence (8)]
   107 | D        | Slain by a bag of meat

Vault maps used:
D:        meatsprint

Skill      XL: |  1  2  3  4  5  6  7  8  9 10 11 12 13 14 15 16 17 18 19 20 21 22 |
---------------+-------------------------------------------------------------------+-----
Fighting       | 18 23 24 27 | 27.0
Axes           | 19 23 25 27 | 27.0
Dodging        | 17 21 22 24 27 | 27.0
Stealth        | 5 7 9 20 27 | 27.0
Throwing       | 11 17 21 25 27 | 27.0
Armour         | 13 20 24 27 | 27.0
Unarmed Combat | 12 18 23 27 | 27.0
Spellcasting   | 8 13 16 19 26 27 | 27.0
Invocations    | 11 17 21 25 27 | 27.0

Action                   |  1- 3 |  4- 6 |  7- 9 | 10-12 | 13-15 | 16-18 | 19-21 | 22-24 | 25-27 || total
-------------------------+-------+-------+-------+-------+-------+-------+-------+-------+-------++-------
Melee: Executioner's axe |     1 |       |       |     1 |     1 |     5 |     6 |    10 |    43 ||    67
  Use: Potion            |       |       |       |       |       |       |     1 |       |     1 ||     2
       Scroll            |       |       |       |       |       |       |       |       |     1 ||     1
Armor: Robe              |       |       |       |       |       |       |       |       |     1 ||     1
Dodge: Dodged            |       |       |       |       |     2 |       |     1 |     1 |    17 ||    21
